 Dungeon Sprint DCSS version 0.30-a0-4-ga7cffc901d (webtiles) character file.

Game seed: 32233897157772057

33539 mhtbhm the Ninja (level 13, -4/70 HPs)
             Began as a Spriggan Brigand on Aug 21, 2022.
             Was the Champion of Dithmenos.
             Succumbed to a nagaraja's poison arrow
             ... in the Dungeon (Sprint III: "The Ten Rune Challenge").
             The game lasted 00:14:02 (3330 turns).

mhtbhm the Ninja (Spriggan Brigand)                 Turns: 3330, Time: 00:14:03

Health: -4/70      AC:  4    Str:  9    XL:     13   Next: 37%
Magic:  18/23      EV: 30    Int: 17    God:    Dithmenos [******]
Gold:   1656       SH:  0    Dex: 25    Spells: 10/12 levels left

rFire   + . .      SeeInvis +    a - +7 captain's cutlass {speed, disarm}
rCold   . . .      Faith    .    (no shield)
rNeg    . . .      Spirit   .    b - +2 robe {rF+}
rPois   .          Reflect  .    u - +0 hat
rElec   +          Harm     .    q - scarf {shadows}
rCorr   .          Rampage  .    (gloves unavailable)
Will    ++...      NoTele   +    (boots unavailable)
Stlth   +++++++++.               (no amulet)
HPRegen 0.21/turn                r - ring of Ymycruenid {Fly Str-4 Dex+7 SInv Stlth+}
MPRegen 0.18/turn                s - ring "Gedallepn" {rElec Str+7 Dex-2 Slay+4}

@: confused, lethally poisoned (-4 -> -46), ambrosia-drunk, flying, wreathed by
umbra, very quick
A: very small, no large weapons, unfitting armour, see invisible, speed 3,
clever 1, low MP 1
a: Renounce Religion, Shadow Step, Shadow Form


You were in the Dungeon.
You worshipped Dithmenos.
Dithmenos was exalted by your worship.
You visited 1 branch You collected 4295 gold pieces.
You spent 2639 gold pieces at shops.

Inventory:

Hand Weapons
 a - the +7 captain's cutlass (weapon) {speed, disarm}
   (You acquired it in the Dungeon)

   Attacks with this weapon are significantly faster.
   It may disarm weapon-wielding foes when striking them, dealing extra damage
   in the process.
Missiles
 d - 8 poisoned darts (quivered)
 e - 7 curare-tipped darts
Armour
 b - a +2 robe of fire resistance (worn)
 c - a +0 cloak
 q - a scarf of shadows (worn)
 u - a +0 hat (worn)
Jewellery
 r - the ring of Ymycruenid (left hand) {Fly Str-4 Dex+7 SInv Stlth+}
   (You bought it in a shop in the Dungeon)

   [ring of flight]

   Str:       It affects your strength (-4).
   Dex:       It affects your dexterity (+7).
   SInv:      It lets you see invisible.
   Fly:       It grants you flight.
   Stlth:     It makes you more stealthy.
 s - the ring "Gedallepn" (right hand) {rElec Str+7 Dex-2 Slay+4}
   (You bought it in a shop in the Dungeon)

   [ring of slaying]

   Str:       It affects your strength (+7).
   Dex:       It affects your dexterity (-2).
   Slay:      It affects your accuracy & damage with ranged weapons and melee
   (+4).
   rElec:     It insulates you from electricity.
Wands
 j - a wand of digging (8)
Scrolls
 g - a scroll of identify
 l - a scroll of torment
Potions
 f - a potion of ambrosia
 h - a potion of haste
 i - 2 potions of magic
 m - a potion of invisibility
 n - 6 potions of flight
 o - a potion of attraction
 t - 2 potions of resistance {unknown}
 v - a potion of mutation
Miscellaneous
 p - a lightning rod (4/4)


   Skills:
 + Level 9.6 Fighting
 + Level 16.6 Short Blades
 + Level 15.1 Throwing
 + Level 11.7 Dodging
 O Level 27 Stealth
 * Level 15.5 Invocations
 + Level 16.1 Evocations


You had 10 spell levels left.
You knew the following spells:

 Your Spells              Type           Power      Damage    Failure   Level
a - Wereblood             Tmut           0%         N/A       34%         2

Your spell library contained the following spells:

 Spells                   Type           Power      Damage    Failure   Level
 Beastly Appendage        Tmut           0%         N/A       24%         1
 Dazzling Flash           Conj/Hex       0%         N/A       56%         3
 Spider Form              Tmut/Pois      0%         N/A       56%         3
 Iskenderun's Mystic Bla  Conj/Tloc      0%         2d3       93%         4
 Starburst                Conj/Fire      0%         6d3       100%        6


Dungeon Overview and Level Annotations

Branches:
Dungeon (1/1)

Altars:
Cheibriados
Dithmenos
Elyvilon
Fedhas
Gozag
Hepliaklqana
Kikubaaqudgha
Makhleb
Nemelex Xobeh
Okawaru
Qazlal
Ru
Sif Muna
Trog
Uskayaw
Vehumet
Wu Jian
Xom
Yredelemnul
Zin
The Shining One
Jiyva
Lugonu

Shops:
D !=(!?!:(*(=[*!:

Annotations:
D exclusion: orange crystal statue


Innate Abilities, Weirdness & Mutations

You are very small and have problems with some larger weapons.
You are too small for most types of armour.
You have supernaturally acute eyesight. (SInv)
You cover ground extremely quickly. (Speed+++)
Your mind is acute. (Int +4, Str/Dex -1)
Your magical capacity is low. (-10% MP)


Message History

Your shadow hits the nagaraja with a rapier.
You hit the nagaraja.
The nagaraja is moderately wounded.
The nagaraja spits poison at you. The splash of poison misses you.
You puncture the nagaraja!
The nagaraja is moderately wounded.
Your shadow hits the nagaraja but does no damage.
You hit the nagaraja but do no damage. You punch the nagaraja.
The nagaraja is moderately wounded.
You puncture the nagaraja!
The captain's cutlass flashes!
You lacerate the nagaraja!!
The nagaraja's +0 spear falls to the floor!
The nagaraja is severely wounded.
The nagaraja casts a spell at you. The bolt of poison hits you!!
You are poisoned.
* * * LOW HITPOINT WARNING * * *
Okay, then.
Blink to where?
Press: ? - help, Dir - move target
As you read the scroll of blinking, it crumbles to dust.
* * * LOW HITPOINT WARNING * * *
You feel very sick.
The nagaraja mumbles some strange words.
The nagaraja seems to speed up.
It was a potion of ambrosia.
You are confused.
You feel invigorated.
* * * LOW HITPOINT WARNING * * *
You feel very sick.
The nagaraja points at you and mumbles some strange words.
The poison arrow hits you!
You are lethally poisoned!
* * * LOW HITPOINT WARNING * * *
You emit a cloud of dark smoke.
Unknown command.
Okay, then.
You bump into the stone wall.
You die...

#..†.........#
###########..#
##.†....†....#
#...........##
#..##########
#....†...†..##
##...†††.....#
##########..#
##.))..§§@§..#
#∩.N)..§§§§.##
#∩.##########
#∩. ##. ##


There were no monsters in sight!

Vanquished Creatures
  Sigmund (D)
  Rupert (D)
  Gastronok (D)
  4 azure jellies (D)
  Azrael (D)
  2 dire elephants (D)
  4 yaktaur captains (D)
  2 anacondas (D)
  Erica (D)
  2 hydras (D)
  A naga warrior (D)
  A centaur warrior (D)
  4 death yaks (D)
  Urug (D)
  4 orc high priests (D)
  A death drake (D)
  A lindwurm (D)
  A deep elf pyromancer (D)
  An orc sorcerer (D)
  2 elephants (D)
  5 black mambas (D)
  2 cane toads (D)
  Edmund (D)
  An unseen horror (D)
  A komodo dragon (D)
  A rime drake (D)
  3 wandering mushrooms (D)
  2 tyrant leeches (D)
  A queen bee (D)
  8 blink frogs (D)
  A shadow (D)
  3 redbacks (D)
  2 nagas (D)
  A floating eye (D)
  A swamp drake (D)
  2 water moccasins (D)
  2 orc warriors (D)
  2 centaurs (D)
  An earth elemental (D)
  A necrophage (D)
  A water elemental (D)
  32 killer bees (D)
  An electric eel (D)
  A jelly (D)
  6 orc priests (D)
  A wizard (D)
  2 orc wizards (D)
  A necromancer (D)
  3 humans (D)
  A kobold demonologist (D)
  6 adders (D)
  A phantom (D)
  7 orcs (D)
  4 rats (D)
  A ballistomycete spore (D)
145 creatures vanquished.

Vanquished Creatures (others)
  8 plants (D)
8 creatures vanquished.

Grand Total: 153 creatures vanquished

Notes
Turn   | Place    | Note
-------+----------+-------------------------------------------
     0 | D        | mhtbhm the Spriggan Brigand began the quest for the Orb.
     0 | D        | Reached XP level 1. HP: 10/10 MP: 2/2
     5 | D        | Reached skill level 6 in Stealth
    64 | D        | Reached skill level 8 in Stealth
    64 | D        | Reached XP level 2. HP: 12/15 MP: 3/3
   119 | D        | Noticed a water elemental
   122 | D        | Killed a water elemental
   123 | D        | Reached skill level 11 in Stealth
   123 | D        | Reached XP level 3. HP: 19/19 MP: 4/4
   123 | D        | Reached XP level 4. HP: 23/23 MP: 5/5
   169 | D        | Gained mutation: Your natural rate of healing is unusually
                  | fast. [potion of mutation]
   169 | D        | Gained mutation: You are clumsy. (Dex -2) [potion of
                  | mutation]
   177 | D        | Lost mutation: Your natural rate of healing is unusually
                  | fast. [potion of mutation]
   177 | D        | Lost mutation: You are clumsy. (Dex -2) [potion of
                  | mutation]
   177 | D        | Gained mutation: You have hidden genetic defects. [potion
                  | of mutation]
   177 | D        | Gained mutation: You are agile. (Dex +4, Str/Int -1)
                  | [potion of mutation]
   177 | D        | Gained mutation: You have a somewhat thin skeletal
                  | structure. (Dex +2, Stealth+) [potion of mutation]
   178 | D        | Lost mutation: You have a somewhat thin skeletal structure.
                  | (Dex +2, Stealth+) [potion of mutation]
   178 | D        | Lost mutation: You are agile. (Dex +4, Str/Int -1) [potion
                  | of mutation]
   178 | D        | Gained mutation: You are agile. (Dex +4, Str/Int -1)
                  | [potion of mutation]
   179 | D        | Lost mutation: You have hidden genetic defects. [potion of
                  | mutation]
   179 | D        | Lost mutation: You are agile. (Dex +4, Str/Int -1) [potion
                  | of mutation]
   179 | D        | Gained mutation: Your magical capacity is low. (-10% MP)
                  | [potion of mutation]
   179 | D        | Gained mutation: Your mind is acute. (Int +4, Str/Dex -1)
                  | [potion of mutation]
   205 | D        | Found a shadowy altar of Dithmenos.
   205 | D        | Noticed a necrophage
   206 | D        | Found a basalt altar of Yredelemnul.
   206 | D        | Found a sacrificial altar of Ru.
   217 | D        | Reached skill level 12 in Stealth
   226 | D        | Killed a necrophage
   227 | D        | Reached skill level 5 in Short Blades
   227 | D        | Reached skill level 13 in Stealth
   227 | D        | Reached XP level 5. HP: 18/28 MP: 5/5
   243 | D        | Became a worshipper of Dithmenos the Shadowed
   412 | D        | Found a radiant altar of Vehumet.
   413 | D        | Found a shimmering blue altar of Sif Muna.
   413 | D        | Found an ancient bone altar of Kikubaaqudgha.
   422 | D        | Reached skill level 14 in Stealth
   439 | D        | Learned a level 2 spell: Wereblood
   546 | D        | Found a glowing silver altar of Zin.
   547 | D        | Found a glowing golden altar of the Shining One.
   547 | D        | Found a white marble altar of Elyvilon.
   547 | D        | Noticed a deep elf pyromancer
   549 | D        | Killed a deep elf pyromancer
   549 | D        | Reached * piety under Dithmenos
   550 | D        | Reached skill level 17 in Stealth
   550 | D        | Reached XP level 6. HP: 33/33 MP: 6/6
   550 | D        | Reached XP level 7. HP: 37/37 MP: 7/7
   561 | D        | Found a hide-covered altar of Uskayaw.
   561 | D        | Found an iron altar of Okawaru.
   562 | D        | Found a bloodstained altar of Trog.
   562 | D        | Found an ornate altar of the Wu Jian Council.
   562 | D        | Noticed a human
   562 | D        | Noticed a human
   604 | D        | Killed a human
   605 | D        | Reached skill level 18 in Stealth
   663 | D        | Killed a human
   828 | D        | Noticed a shadow
   830 | D        | Killed a shadow
   830 | D        | Reached ** piety under Dithmenos
   831 | D        | Reached skill level 5 in Dodging
   831 | D        | Reached skill level 1 in Invocations
   831 | D        | Reached XP level 8. HP: 42/42 MP: 7/9
   836 | D        | Found a blossoming altar of Fedhas.
   836 | D        | Found a stormy altar of Qazlal.
   837 | D        | Found a snail-covered altar of Cheibriados.
   837 | D        | Found a burning altar of Makhleb.
   837 | D        | Found a hazy altar of Hepliaklqana.
   837 | D        | Found a shimmering altar of Xom.
   837 | D        | Found an opulent altar of Gozag.
   837 | D        | Found a sparkling altar of Nemelex Xobeh.
   837 | D        | Found a corrupted altar of Lugonu.
   837 | D        | Found a viscous altar of Jiyva.
   862 | D        | Noticed Erica
   864 | D        | Killed Erica
   865 | D        | Reached skill level 5 in Fighting
   865 | D        | Reached skill level 19 in Stealth
   893 | D        | Noticed a centaur warrior
   895 | D        | Reached *** piety under Dithmenos
   896 | D        | Reached skill level 20 in Stealth
   897 | D        | Killed a centaur warrior
   898 | D        | Reached skill level 10 in Short Blades
   898 | D        | Reached skill level 10 in Throwing
   898 | D        | Reached skill level 5 in Invocations
   898 | D        | Reached XP level 9. HP: 47/47 MP: 10/12
   899 | D        | Reached skill level 21 in Stealth
   910 | D        | Noticed an unseen horror
   912 | D        | Killed an unseen horror
   923 | D        | Noticed a wandering mushroom
   927 | D        | Noticed a wandering mushroom
   993 | D        | Killed a wandering mushroom
   993 | D        | Reached **** piety under Dithmenos
   994 | D        | Noticed a wandering mushroom
  1000 | D        | Killed a wandering mushroom
  1009 | D        | Killed a wandering mushroom
  1010 | D        | Reached skill level 22 in Stealth
  1010 | D        | Reached skill level 1 in Evocations
  1139 | D        | Noticed a queen bee
  1140 | D        | Reached ***** piety under Dithmenos
  1142 | D        | Reached ****** piety under Dithmenos
  1143 | D        | Reached XP level 10. HP: 50/52 MP: 14/14
  1145 | D        | Reached skill level 23 in Stealth
  1390 | D        | Noticed an orc high priest
  1390 | D        | Noticed an orc high priest
  1394 | D        | Noticed an orc high priest
  1395 | D        | Noticed an orc sorcerer
  1397 | D        | Killed an orc high priest
  1397 | D        | Killed an orc high priest
  1397 | D        | Killed an orc high priest
  1398 | D        | Reached skill level 24 in Stealth
  1398 | D        | Reached skill level 5 in Evocations
  1403 | D        | Killed an orc sorcerer
  1418 | D        | Found Effant's Distillery.
  1529 | D        | Bought a potion of curing for 42 gold pieces
  1529 | D        | Bought a potion of flight for 42 gold pieces
  1529 | D        | Bought 2 potions of flight for 84 gold pieces
  1529 | D        | Bought 2 potions of haste for 280 gold pieces
  1529 | D        | Bought a potion of flight for 42 gold pieces
  1529 | D        | Bought a potion of curing for 42 gold pieces
  1568 | D        | Noticed Sigmund
  1568 | D        | Noticed Edmund
  1572 | D        | Killed Sigmund
  1573 | D        | Reached skill level 25 in Stealth
  1573 | D        | Reached skill level 10 in Invocations
  1573 | D        | Reached XP level 11. HP: 38/56 MP: 12/17
  1600 | D        | Killed Edmund
  1727 | D        | Reached skill level 26 in Stealth
  1881 | D        | Noticed an orange crystal statue
  1894 | D        | Found Yzuiciyn's Antique Weapon Emporium.
  1894 | D        | Found Riustrusi's Antique Weapon Boutique.
  1894 | D        | Found Mamniy's Book Shoppe.
  1894 | D        | Found Enesixich's General Store.
  1894 | D        | Found Uzif's Jewellery Emporium.
  1894 | D        | Found Xosuh's Book Shoppe.
  1894 | D        | Found Gofoxt's Distillery.
  1894 | D        | Found Fijuesmi's Distillery.
  1894 | D        | Found Hujif's General Store.
  1894 | D        | Found Luptalih's Magic Scroll Emporium.
  1894 | D        | Found Ryja's Antique Armour Boutique.
  1925 | D        | Bought a potion of heal wounds for 65 gold pieces
  1925 | D        | Bought a potion of heal wounds for 65 gold pieces
  1925 | D        | Bought a potion of invisibility for 104 gold pieces
  1939 | D        | Bought an embroidered scarf for 200 gold pieces
  1952 | D        | Bought the ring of Ymycruenid {Fly Str-4 Dex+7 SInv Stlth+}
                  | for 453 gold pieces
  1952 | D        | Bought the ring "Gedallepn" {rElec Str+7 Dex-2 Slay+4} for
                  | 1220 gold pieces
  2008 | D        | Noticed a yaktaur captain
  2008 | D        | Noticed a yaktaur captain
  2008 | D        | Noticed a yaktaur captain
  2010 | D        | Killed a yaktaur captain
  2012 | D        | Noticed a yaktaur captain
  2014 | D        | Killed a yaktaur captain
  2018 | D        | Killed a yaktaur captain
  2022 | D        | Killed a yaktaur captain
  2023 | D        | Reached skill level 27 in Stealth
  2030 | D        | Noticed Azrael
  2032 | D        | Killed Azrael
  2033 | D        | Reached skill level 10 in Evocations
  2097 | D        | Acquired 945 gold pieces
  2097 | D        | HP: 2/58 [poison (dark miasma)]
  2398 | D        | Acquired 850 gold pieces
  2402 | D        | Acquired the +7 captain's cutlass {speed, disarm}
  2402 | D        | Found the +7 captain's cutlass {speed, disarm}
  2556 | D        | Noticed a lindwurm
  2559 | D        | Killed a lindwurm
  2560 | D        | Reached XP level 12. HP: 62/62 MP: 20/20
  2567 | D        | Noticed Urug
  2569 | D        | Killed Urug
  2673 | D        | Noticed a four-headed hydra
  2673 | D        | Noticed an eight-headed hydra
  2676 | D        | Killed a four-headed hydra
  2677 | D        | Killed an eight-headed hydra
  2859 | D        | Noticed Rupert
  2863 | D        | Killed Rupert
  2864 | D        | Reached skill level 10 in Dodging
  2873 | D        | Noticed an azure jelly
  2873 | D        | Noticed an azure jelly
  2873 | D        | Noticed an azure jelly
  2873 | D        | Noticed an azure jelly
  2874 | D        | Noticed a dire elephant
  2874 | D        | Noticed a dire elephant
  2874 | D        | Noticed Gastronok
  2876 | D        | Killed Gastronok
  2877 | D        | Killed a dire elephant
  2879 | D        | Killed a dire elephant
  3120 | D        | Killed an azure jelly
  3121 | D        | Killed an azure jelly
  3122 | D        | Reached skill level 15 in Evocations
  3122 | D        | Noticed a death yak
  3123 | D        | Killed an azure jelly
  3124 | D        | Reached skill level 15 in Short Blades
  3124 | D        | Killed an azure jelly
  3125 | D        | Reached XP level 13. HP: 69/69 MP: 22/22
  3150 | D        | Reached skill level 15 in Invocations
  3289 | D        | Reached skill level 15 in Throwing
  3316 | D        | Noticed a nagaraja
  3316 | D        | Found Piun's Distillery.
  3316 | D        | Found Irghuetogh's Jewellery Emporium.
  3319 | D        | Found Gokeby's Antique Weapon Shop.
  3329 | D        | HP: 2/70 [nagaraja/poison arrow (14)]
  3330 | D        | Succumbed to a nagaraja's poison arrow

Illustrated notes

Levels and vault maps discovered:
D:        dungeon_sprint_mu [sprint_mu_entry_forest, sprint_mu_temple_rooms,
          sprint_mu_d1_horrors, sprint_mu_d2_genie, sprint_mu_d3_branching,
          sprint_mu_orc_legion, sprint_mu_elf_gauntlet, sprint_mu_hive_nellie,
          sprint_mu_lair_fedhas, sprint_mu_vaults_butterflies,
          sprint_mu_slime_circle, sprint_mu_shoals_archi,
          sprint_mu_snake_twists, sprint_mu_blade_basic,
          sprint_mu_crypt_fortress, sprint_mu_tomb_spiral,
          sprint_mu_vestibule_basic, sprint_mu_gehenna_hellfire,
          sprint_mu_dis_giant, sprint_mu_tartarus_statrot,
          sprint_mu_cocytus_islands, sprint_mu_zot1]

Skill      XL: |  1  2  3  4  5  6  7  8  9 10 11 12 13 |
---------------+----------------------------------------+-----
Stealth        | 8 11 13 17 18 20 22 25 27 | 27.0
Fighting       | 2 3 4 5 6 8 9 |  9.6
Short Blades   | 3 4 5 7 8 10 11 12 15 16 | 16.6
Throwing       | 3 4 7 8 10 11 12 13 14 15 | 15.1
Dodging        | 2 4 5 6 8 9 10 11 | 11.7
Invocations    | 1 5 7 10 12 14 15 | 15.5
Evocations     | 2 7 11 15 16 | 16.1

Action                   |  1- 3 |  4- 6 |  7- 9 | 10-12 | 13-15 || total
-------------------------+-------+-------+-------+-------+-------++-------
Melee: Dagger            |    15 |    21 |    38 |     5 |       ||    79
       Punch             |       |       |     2 |     2 |     1 ||     5
       Short sword       |       |       |       |    57 |       ||    57
       Cutlass           |       |       |       |    70 |    30 ||   100
Throw: Dart              |     8 |     9 |     8 |    12 |       ||    37
Invok: Shadow Step       |       |       |       |     3 |     4 ||     7
       Shadow Form       |       |       |       |     1 |       ||     1
Evoke: Lightning rod     |       |       |     9 |    15 |     5 ||    29
  Use: Potion            |       |     5 |       |     9 |     1 ||    15
       Scroll            |       |       |       |     6 |     1 ||     7
 Stab: Sleeping          |     2 |     2 |     9 |    32 |    18 ||    63
Armor: Robe              |       |       |     1 |     1 |       ||     2
Dodge: Dodged            |    11 |    13 |    22 |    53 |    11 ||   110

Table legend: (Time is in decaauts)
 A = Elapsed time spent in this place.
 B = Non-inter-level travel time spent in this place.
 C = Inter-level travel time spent in this place.
 D = Time resting spent in this place.
 E = Time spent auto-exploring this place.
 F = Levels seen in this place.
 G = Mean time per level.
                   A        B        C        D        E       F      G
               +--------+--------+--------+--------+--------+-----+--------+
         Total |   2751 |   2751 |      0 |   1709 |     47 |   1 | 2751.0 |
       Dungeon |   2751 |   2751 |      0 |   1709 |     47 |   1 | 2751.0 |
               +--------+--------+--------+--------+--------+-----+--------+

Top non-repeatable levels by time:
       D: 2751 daAuts
